PBL
NEW JERSEY DEVILS @ BROCKTON ROX
09/20/2044
 
TOP OF THE 1ST
New Jersey Devils batting - Pitching for Brockton Rox : RHP Lukasha Sheigus
Pitching: RHP Lukasha Sheigus
Batting: LHB Matt Baker 0-0: Fly out, F8 (Line Drive, 8LD, EV 105.6 MPH)
Batting: RHB Chris Artz 0-0: Swinging Strike
0-1: Ball
1-1: Foul Ball, location: 2F
1-2: Strikes out swinging
Batting: RHB Gang-sheng Chew 0-0: Ball
1-0: Swinging Strike
1-1: Fly out, F4 (Popup, 4MD, EV 61.9 MPH)
Top of the 1st over - 0 runs, 0 hits, 0 errors, 0 left on base; New Jersey 0 - Brockton 0
BOTTOM OF THE 1ST
Brockton Rox batting - Pitching for New Jersey Devils : LHP Jared Deckard
Pitching: LHP Jared Deckard
Batting: RHB Jim Hubbard 0-0: Ball
1-0: SINGLE (Line Drive, 8LS, EV 109.4 MPH)
Batting: RHB Ted Emmerich 0-0: Called Strike
0-1: Ball
1-1: Called Strike
1-2: Foul Ball, location: 2F
1-2: Ball
2-2: Ball
3-2: Base on Balls
Jim Hubbard to second
Batting: LHB Danny Montoya 0-0: Ball
1-0: Ball
2-0: Foul Ball, location: 2F
2-1: Fly out, F8 (Flyball, 8LXD, EV 90.6 MPH)
Runner from 2nd tags up, SAFE at 3rd, no throw by CF
Batting: RHB Sal Rivera 0-0: Called Strike
0-1: Ball
1-1: Foul Ball, location: 2F
1-2: Ball
2-2: Strikes out swinging
Batting: LHB Carlos Guerra 0-0: Called Strike
0-1: Ball
1-1: DOUBLE (Line Drive, 8LXD, EV 111.3 MPH)
Jim Hubbard scores
Ted Emmerich to third
Runner from 3rd tries for Home, SAFE, throw by CF to home
Batting: RHB Alex Melendez 0-0: Called Strike
0-1: Ball
1-1: Called Strike
1-2: Strikes out swinging
Bottom of the 1st over - 2 runs, 2 hits, 0 errors, 1 left on base; New Jersey 0 - Brockton 2
TOP OF THE 2ND
New Jersey Devils batting - Pitching for Brockton Rox : RHP Lukasha Sheigus
Batting: RHB Bobby Coulombe 0-0: Ball
1-0: Called Strike
1-1: Ball
2-1: Foul Ball, location: 2F
2-2: Ball
3-2: Strikes out looking
Batting: LHB Bayesa Mundhir 0-0: Fly out, F8 (Flyball, 8LM, EV 73.8 MPH)
Batting: SHB Alex Cavazos 0-0: Ground out 6-3 (Groundball, 6, EV 107.5 MPH)
Top of the 2nd over - 0 runs, 0 hits, 0 errors, 0 left on base; New Jersey 0 - Brockton 2
BOTTOM OF THE 2ND
Brockton Rox batting - Pitching for New Jersey Devils : LHP Jared Deckard
Batting: LHB John Buff 0-0: Ball
1-0: Fly out, F5 (Popup, 56, EV 83.1 MPH)
Batting: RHB Travis Campbell 0-0: Called Strike
0-1: Ball
1-1: Ground out U3 (Groundball, 34, EV 86.3 MPH)
Batting: LHB Aaron Brannon 0-0: Ground out 6-3 (Groundball, 6MS, EV 83.1 MPH)
Bottom of the 2nd over - 0 runs, 0 hits, 0 errors, 0 left on base; New Jersey 0 - Brockton 2
TOP OF THE 3RD
New Jersey Devils batting - Pitching for Brockton Rox : RHP Lukasha Sheigus
Batting: SHB Jerry Burrows 0-0: Ball
1-0: Foul Ball, location: 2F
1-1: Ball
2-1: Swinging Strike
2-2: Ball
3-2: Foul Ball, location: 2F
3-2: Hit by Pitch
Batting: RHB Brian Bonin 0-0: Called Strike
0-1: Ball
1-1: Fly out, F3 (Flyball, 3D, EV 92.5 MPH)
Batting: RHB Mike Hanks 0-0: Ball
1-0: Ball
2-0: Called Strike
2-1: Foul Ball, location: 2F
2-2: Strikes out swinging
Batting: LHB Matt Baker 0-0: Ball
1-0: Ball
2-0: DOUBLE (Line Drive, 78D, EV 109.4 MPH)
Jerry Burrows to third
Batting: RHB Chris Artz 0-0: Swinging Strike
0-1: Fly out, F4 (Popup, 3DF, EV 60.0 MPH)
Top of the 3rd over - 0 runs, 1 hit, 0 errors, 2 left on base; New Jersey 0 - Brockton 2
BOTTOM OF THE 3RD
Brockton Rox batting - Pitching for New Jersey Devils : LHP Jared Deckard
Batting: RHB Jim Hubbard 0-0: Foul Ball, location: 2F
0-1: SINGLE (Groundball, 4M, EV 103.8 MPH) (infield hit)
Batting: RHB Ted Emmerich 0-0: Called Strike
0-1: Fly out, F8 (Flyball, 8LS, EV 89.4 MPH)
Batting: LHB Danny Montoya 0-0: Ball
1-0: Called Strike
1-1: Ball
2-1: 2-RUN HOME RUN (Flyball, 9D, EV 95.6 MPH), Distance : 373 ft
Batting: RHB Sal Rivera 0-0: Called Strike
0-1: Called Strike
0-2: Foul Ball, location: 2F
0-2: Foul Ball, location: 2F
0-2: Strikes out swinging
Batting: LHB Carlos Guerra 0-0: Called Strike
0-1: Foul Ball, location: 2F
0-2: Foul Ball, location: 2F
0-2: Foul Ball, location: 2F
0-2: Ball
1-2: Foul Ball, location: 2F
1-2: Ball
2-2: Foul Ball, location: 2F
2-2: Foul Ball, location: 9LSF, Error on foul ball, E9
2-2: Strikes out swinging
Bottom of the 3rd over - 2 runs, 2 hits, 1 error, 0 left on base; New Jersey 0 - Brockton 4
TOP OF THE 4TH
New Jersey Devils batting - Pitching for Brockton Rox : RHP Lukasha Sheigus
Batting: RHB Gang-sheng Chew 0-0: Called Strike
0-1: Ball
1-1: Swinging Strike
1-2: Strikes out swinging
Batting: RHB Bobby Coulombe 0-0: Ball
1-0: Ball
2-0: Ball
3-0: Called Strike
3-1: Base on Balls
Batting: LHB Bayesa Mundhir 0-0: Called Strike
Bobby Coulombe steals 2nd base
0-1: Foul Ball, location: 2F
0-2: Foul Ball, location: 2F
0-2: Ground out 6-3 (Groundball, 6, EV 100.6 MPH)
Batting: SHB Alex Cavazos 0-0: Ball
1-0: Foul Ball, location: 2F
1-1: SINGLE (Line Drive, 6MD, EV 110.6 MPH)
Bobby Coulombe to third
Runner from 3rd tries for Home, SAFE, throw by CF to home
Batting: SHB Jerry Burrows 0-0: Fly out, F4 (Flyball, 3D, EV 88.8 MPH)
Top of the 4th over - 1 run, 1 hit, 0 errors, 1 left on base; New Jersey 1 - Brockton 4
BOTTOM OF THE 4TH
Brockton Rox batting - Pitching for New Jersey Devils : LHP Jared Deckard
Batting: RHB Alex Melendez 0-0: Ball
1-0: Ball
2-0: Ground out 6-3 (Groundball, 6MS, EV 68.1 MPH)
Batting: LHB John Buff 0-0: Called Strike
0-1: Ball
1-1: Ball
2-1: Foul Ball, location: 2F
2-2: Ball
3-2: Ground out 6-3 (Groundball, 56, EV 84.4 MPH)
Batting: RHB Travis Campbell 0-0: Ball
1-0: Ball
2-0: Ball
3-0: Called Strike
3-1: Base on Balls
Batting: LHB Aaron Brannon 0-0: Called Strike
0-1: Foul Ball, location: 2F
0-2: Strikes out swinging
Bottom of the 4th over - 0 runs, 0 hits, 0 errors, 1 left on base; New Jersey 1 - Brockton 4
TOP OF THE 5TH
New Jersey Devils batting - Pitching for Brockton Rox : RHP Lukasha Sheigus
Batting: RHB Brian Bonin 0-0: Ball
1-0: Ball
2-0: Called Strike
2-1: Called Strike
2-2: Foul Ball, location: 2F
2-2: Ball
3-2: Ground out 5-3 (Groundball, 5, EV 90.6 MPH)
Batting: RHB Mike Hanks 0-0: Called Strike
0-1: Ball
1-1: TRIPLE (Flyball, 89XD, EV 105.6 MPH)
Batting: LHB Matt Baker 0-0: SINGLE (Flyball, 7S, EV 91.3 MPH)
Mike Hanks scores
Batting: RHB Chris Artz 0-0: Called Strike
Matt Baker steals 2nd base
0-1: Ball
1-1: Fly out, F7 (Flyball, 7LM, EV 95.6 MPH)
Batting: RHB Gang-sheng Chew 0-0: Ball
1-0: Fly out, F9 (Flyball, 89D, EV 97.5 MPH)
Top of the 5th over - 1 run, 2 hits, 0 errors, 1 left on base; New Jersey 2 - Brockton 4
BOTTOM OF THE 5TH
Brockton Rox batting - Pitching for New Jersey Devils : LHP Jared Deckard
Batting: RHB Jim Hubbard 0-0: Foul Ball, location: 2F
0-1: Foul Ball, location: 2F
0-2: Strikes out swinging
Batting: RHB Ted Emmerich 0-0: Ball
1-0: DOUBLE (Line Drive, 89D, EV 111.9 MPH)
Batting: LHB Danny Montoya 0-0: Ball
Wild Pitch!
Ted Emmerich to third
1-0: SINGLE (Flyball, 34D, EV 90.6 MPH)
Ted Emmerich scores
Batting: RHB Sal Rivera 0-0: SINGLE (Flyball, 78S, EV 100.6 MPH)
Danny Montoya to second
Batting: LHB Carlos Guerra 0-0: Ball
1-0: Called Strike
1-1: Fielders Choice at 2nd, 6-4 (Groundball, 6, EV 88.1 MPH)
Danny Montoya to third
Batting: RHB Alex Melendez 0-0: SINGLE (Line Drive, 9S, EV 100.0 MPH)
Danny Montoya scores
Carlos Guerra to second
Pitching: LHP Larry Shoop
Batting: LHB John Buff 0-0: Called Strike
0-1: Fly out, F8 (Flyball, 78M, EV 86.3 MPH)
Bottom of the 5th over - 2 runs, 4 hits, 0 errors, 2 left on base; New Jersey 2 - Brockton 6
TOP OF THE 6TH
New Jersey Devils batting - Pitching for Brockton Rox : RHP Lukasha Sheigus
Batting: RHB Bobby Coulombe 0-0: Ball
1-0: Ball
2-0: Called Strike
2-1: Ball
3-1: Foul Ball, location: 2F
3-2: Strikes out looking
Batting: LHB Bayesa Mundhir 0-0: Swinging Strike
0-1: Called Strike
0-2: Ball
1-2: Ball
2-2: SINGLE (Groundball, 34D, EV 108.1 MPH)
Batting: SHB Alex Cavazos 0-0: Grounds into double play, 3-6-1 (Groundball, 3, EV 77.5 MPH)
Top of the 6th over - 0 runs, 1 hit, 0 errors, 0 left on base; New Jersey 2 - Brockton 6
BOTTOM OF THE 6TH
Brockton Rox batting - Pitching for New Jersey Devils : LHP Larry Shoop
Batting: RHB Travis Campbell 0-0: Called Strike
0-1: Ball
1-1: Swinging Strike
1-2: Ball
2-2: Ball
3-2: Foul Ball, location: 2F
3-2: Foul Ball, location: 2F
3-2: Strikes out swinging
Batting: LHB Aaron Brannon 0-0: Foul Ball, location: 2F
0-1: Ball
1-1: Foul Ball, location: 2F
1-2: Fly out, F9 (Flyball, 9, EV 93.8 MPH)
Batting: RHB Jim Hubbard 0-0: Ball
1-0: Called Strike
1-1: Ball
2-1: Swinging Strike
2-2: Foul Ball, location: 2F
2-2: Ball
3-2: Strikes out swinging
Bottom of the 6th over - 0 runs, 0 hits, 0 errors, 0 left on base; New Jersey 2 - Brockton 6
TOP OF THE 7TH
New Jersey Devils batting - Pitching for Brockton Rox : RHP Lukasha Sheigus
Batting: SHB Jerry Burrows 0-0: Ball
1-0: Ball
2-0: Ball
3-0: Called Strike
3-1: Called Strike
3-2: Foul Ball, location: 2F
3-2: Ground out 4-3 (Groundball, 4, EV 81.3 MPH)
Batting: RHB Brian Bonin 0-0: Called Strike
0-1: Swinging Strike
0-2: Ball
1-2: Foul Ball, location: 2F
1-2: Foul Ball, location: 2F
1-2: Ground out 6-3 (Groundball, 6MD, EV 90.0 MPH)
Batting: RHB Mike Hanks 0-0: Ground out 4-3 (Groundball, 4, EV 91.3 MPH)
Top of the 7th over - 0 runs, 0 hits, 0 errors, 0 left on base; New Jersey 2 - Brockton 6
BOTTOM OF THE 7TH
Brockton Rox batting - Pitching for New Jersey Devils : LHP Larry Shoop
Pitching: LHP Dan Bremseth
Batting: RHB Ted Emmerich 0-0: Ground out U3 (Groundball, 3, EV 80.6 MPH)
Batting: LHB Danny Montoya 0-0: Swinging Strike
0-1: Called Strike
0-2: SINGLE (Line Drive, 89S, EV 105.0 MPH)
Batting: RHB Sal Rivera 0-0: Ball
1-0: Foul Ball, location: 2F
1-1: Ball
2-1: Ball
3-1: Fly out, F8 (Flyball, 78M, EV 84.4 MPH)
Batting: LHB Carlos Guerra 0-0: Foul Ball, location: 2F
0-1: Ball
1-1: Foul Ball, location: 2F
1-2: Strikes out swinging
Bottom of the 7th over - 0 runs, 1 hit, 0 errors, 1 left on base; New Jersey 2 - Brockton 6
TOP OF THE 8TH
New Jersey Devils batting - Pitching for Brockton Rox : RHP Lukasha Sheigus
Batting: LHB Matt Baker 0-0: Called Strike
0-1: Ball
1-1: Swinging Strike
1-2: Ball
2-2: Foul Ball, location: 2F
2-2: Foul Ball, location: 2F
2-2: Ball
3-2: Strikes out swinging, 2-3 out at first.
Pitching: RHP Joseph Anderson
Batting: RHB Chris Artz 0-0: SOLO HOME RUN (Flyball, 7LD, EV 96.3 MPH), Distance : 345 ft
Batting: RHB Gang-sheng Chew 0-0: Swinging Strike
0-1: Foul Ball, location: 2F
0-2: Ball
1-2: Foul Ball, location: 2F
1-2: Strikes out swinging
Batting: RHB Bobby Coulombe 0-0: Called Strike
0-1: Ball
1-1: Ball
2-1: DOUBLE (Line Drive, 78D, EV 112.5 MPH)
Batting: LHB Bayesa Mundhir 0-0: Ball
1-0: Called Strike
1-1: Ball
2-1: Foul Ball, location: 2F
2-2: Foul Ball, location: 2F
2-2: Ball
3-2: Base on Balls
Batting: SHB Alex Cavazos 0-0: SINGLE (Line Drive, 6MD, EV 108.1 MPH)
Bobby Coulombe to third
Bayesa Mundhir to second
Batting: SHB Jerry Burrows 0-0: Foul Ball, location: 2F
0-1: Swinging Strike
0-2: Fly out, F8 (Flyball, 89M, EV 90.6 MPH)
Top of the 8th over - 1 run, 3 hits, 0 errors, 3 left on base; New Jersey 3 - Brockton 6
BOTTOM OF THE 8TH
Brockton Rox batting - Pitching for New Jersey Devils : LHP Dan Bremseth
Pitching: RHP Jose Lara
Batting: RHB Alex Melendez 0-0: Called Strike
0-1: Ball
1-1: Fly out, F8 (Flyball, 8LS, EV 89.4 MPH)
Batting: LHB John Buff 0-0: Called Strike
0-1: Ball
1-1: Swinging Strike
1-2: Strikes out swinging
Batting: RHB Travis Campbell 0-0: Ball
1-0: Called Strike
1-1: Called Strike
1-2: Foul Ball, location: 2F
1-2: Foul Ball, location: 2F
1-2: Foul Ball, location: 2F
1-2: Fly out, F3 (Popup, 34, EV 75.0 MPH)
Bottom of the 8th over - 0 runs, 0 hits, 0 errors, 0 left on base; New Jersey 3 - Brockton 6
TOP OF THE 9TH
New Jersey Devils batting - Pitching for Brockton Rox : RHP Joseph Anderson
Pitching: LHP Chris Deans
Batting: RHB Brian Bonin 0-0: Ball
1-0: Ball
2-0: Ground out 5-3 (Groundball, 56S, EV 86.9 MPH)
Pinch Hitting: LHB Jeremy Moorehead 0-0: Foul Ball, location: 2F
0-1: Ball
1-1: Ball
2-1: SINGLE (Groundball, 56S, EV 66.3 MPH) (infield hit)
Batting: LHB Matt Baker 0-0: Called Strike
0-1: Ball
1-1: Fly out, F7 (Line Drive, 7, EV 105.6 MPH)
Batting: RHB Chris Artz 0-0: Called Strike
0-1: Ball
1-1: DOUBLE (Line Drive, 89M, EV 99.4 MPH)
Jeremy Moorehead to third
Batting: RHB Gang-sheng Chew 0-0: Ball
1-0: Foul Ball, location: 2F
1-1: Foul Ball, location: 2F
1-2: Ball
2-2: Ball
3-2: Strikes out swinging
Top of the 9th over - 0 runs, 2 hits, 0 errors, 2 left on base; New Jersey 3 - Brockton 6
Thursday, March 31st , 2022 - OOTP Baseball 22.12 Build 89